 Dungeon Crawl Stone Soup version 0.31-a0-632-g766dd24fdf (webtiles) character file.

Game seed: 6676020386535122646

11372 Aneyh the Impaler (level 11, -31/64 HPs)
             Began as a Tengu Monk on Aug 26, 2023.
             Was an Elder of Hepliaklqana.
             Annihilated by a boulder beetle (49 damage)
             ... on level 11 of the Dungeon.
             The game lasted 00:43:00 (12796 turns).

Aneyh the Impaler (Tengu Monk)                     Turns: 12796, Time: 00:43:01

Health: -31/64     AC:  7    Str: 16    XL:     11   Next: 76%
Magic:  11/12      EV: 23    Int: 10    God:    Hepliaklqana [****..]
Gold:   300        SH:  0    Dex: 17    Spells: 8/10 levels left

rFire   . . .        b - +4 glaive (vamp)
rCold   . . .        (shield currently unavailable)
rNeg    . . .        L - +0 acid dragon scales
rPois   .            (helmet restricted)
rElec   .            v - +0 cloak
rCorr   +            (no gloves)
SInv    .            (boots unavailable)
Will    .....        (no amulet)
Stlth   +            e - +5 ring of evasion
HPRegen 0.30/turn    D - ring of resist corrosion
MPRegen 0.13/turn

%: no passive effects
@: flying quickly and evasively, quick
A: reduced essence, beak, talons 3, nimble flight
a: Renounce Religion, Recall Ancestor, Ancestor Identity, Transference, Idealise


You were on level 11 of the Dungeon.
You worshipped Hepliaklqana.
Hepliaklqana was greatly pleased with you.
You visited 2 branches of the dungeon, and saw 12 of its levels.
You also visited: Bailey.

You collected 776 gold pieces.
You spent 476 gold pieces at shops.

Inventory:

Hand Weapons
 a - the +4 triple sword "Apte" {holy, rF+ rC+ rN+}
   (You found it in a bailey)

   rF+:       It protects you from fire.
   rC+:       It protects you from cold.
   rN+:       It protects you from negative energy.
 b - a +4 vampiric glaive (weapon)
 c - a +0 orcbow
 r - a +2 trident of venom
 t - a +2 scimitar of flaming
 I - a +0 war axe
 Q - a +3 halberd
 R - a +2 vampiric triple sword
 W - a +0 scimitar
Missiles
 w - 13 boomerangs
 N - 22 javelins
Armour
 d - an orb of light
 p - +0 steam dragon scales
 u - a +1 leather armour of cold resistance
 v - a +0 cloak (worn)
 y - a +1 robe of willpower
 C - a +2 chain mail of cold resistance
 L - +0 acid dragon scales (worn)
Magical Staves
 i - a staff of air
Jewellery
 e - a +5 ring of evasion (left hand)
 B - an amulet of faith
 D - a ring of resist corrosion (right hand)
 V - a ring of resist corrosion
Talismans
 X - a serpent talisman
Wands
 k - a wand of roots (8)
 T - a wand of digging (5)
Scrolls
 h - 4 scrolls of enchant armour {unknown}
 m - 3 scrolls of immolation
 n - 3 scrolls of poison {unknown}
 s - 2 scrolls of fear {unknown}
 z - a scroll of blinking {unknown}
 A - a scroll of summoning
 G - a scroll of silence
 H - 2 scrolls of teleportation {unknown}
 K - 2 scrolls of vulnerability {unknown}
 M - a scroll of fog {unknown}
 S - 2 scrolls of identify
Potions
 f - 5 potions of curing
 g - 3 potions of berserk rage
 j - 2 potions of heal wounds
 l - 2 potions of magic {unknown}
 o - a potion of brilliance {unknown}
 q - 4 potions of might {unknown}
 x - a potion of degeneration {unknown}
 E - a potion of cancellation {unknown}
 F - 2 potions of mutation {unknown}
 J - a potion of attraction {unknown}
 U - a potion of lignification {unknown}


   Skills:
 + Level 9.9 Fighting
 * Level 4.4 Long Blades
 - Level 15.0 Polearms
 + Level 7.8 Dodging
 - Level 2.0 Transmutations


You had 8 spell levels left.
You knew the following spells:

 Your Spells              Type           Power      Damage    Failure   Level
a - Wereblood             Tmut           4%         N/A       34%         2

Your spell library contained the following spells:

 Spells                   Type           Power      Damage    Failure   Level
 Necrotise                Necr           0%         1d4       45%         1
 Blink                    Tloc           0%         N/A       61%         2
 Lesser Beckoning         Tloc           0%         N/A       61%         2
 Momentum Strike          Conj/Tloc      0%         3d8       61%         2
 Sublimation of Blood     Necr           0%         N/A       61%         2
 Vampiric Draining        Necr           0%         2d6       83%         3
 Agony                    Necr           0%         N/A       100%        5
 Summon Forest            Summ/Tloc      0%         N/A       100%        5
 Summon Mana Viper        Hex/Summ       0%         N/A       100%        5
 Summon Cactus Giant      Summ           0%         N/A       100%        6
 Summon Hydra             Summ           0%         N/A       100%        7


Dungeon Overview and Level Annotations

Branches:
Dungeon (11/15)            Temple (1/1) D:4            Lair (0/5) D:9
    Orc (0/2) D:9          Bailey (visited)

Altars:
Ashenzari
Cheibriados
Dithmenos
Elyvilon
Fedhas
Gozag
Hepliaklqana
Kikubaaqudgha
Makhleb
Nemelex Xobeh
Okawaru
Qazlal
Ru
Sif Muna
Trog
Uskayaw
Vehumet
Wu Jian
Xom
Yredelemnul
Zin
The Shining One

Shops:
D:4 ?   D:5 *   D:9 :

Annotations:
D:4 3 runed translucent doors, Ofeo's ghost, novice KoEE


Innate Abilities, Weirdness & Mutations

Your life essence is reduced to manifest your ancestor. (-10% HP)
You have a beak for a mouth.
You have claws for feet.
Your magical nature lets you fly swiftly and evasively.


Message History

Unknown command.
You howl as the wereblood boils in your veins!
The boulder beetle leaps!
You reach to attack!
You slash the orc priest!
The orc priest is almost dead.
Enheduana closely misses the orc priest.
The orc priest mumbles some strange prayers to Beogh against you.
Beogh smites you!
You reach to attack!
You slice the orc priest!!
You feel better.
You kill the orc priest!
The boulder beetle curls into a ball and begins rolling!
Okay, then.
Enheduana hits the orc wizard with a +0 flail!
The orc wizard hits Enheduana but does no damage.
The boulder beetle closely misses you.
The boulder beetle stops rolling and uncurls.
You hit the boulder beetle but do no damage.
You claw the boulder beetle, but do no damage.
Enheduana hits the orc wizard with a +0 flail!
The orc wizard dies!
You completely miss the boulder beetle. You claw the boulder beetle.
You peck the boulder beetle, but do no damage.
The boulder beetle is lightly wounded.
The boulder beetle barely misses you.
The orc hits Enheduana but does no damage.
You barely miss the boulder beetle.
You claw the boulder beetle, but do no damage.
The boulder beetle is lightly wounded.
Your primal bloodlust has ended.
The boulder beetle bites you!!
* * * LOW HITPOINT WARNING * * *
You slice the boulder beetle!!
You feel better.
You claw the boulder beetle, but do no damage.
The boulder beetle is moderately wounded.
The boulder beetle leaps!
The boulder beetle curls into a ball and begins rolling!
The centaur wields a +0 orcbow.
The centaur shoots an arrow.
The arrow completely misses you. The boulder beetle hits you!!!
Ouch! That really hurt!
You die...

... ... #'# #)#
#####c# #.
#...).# #.
#.(o..# #.
##.....# #.
####..R@..# #.
##......B..#
#.##..###.○...#
#....## #.....#
##>.## #######
######.##
#......###
#........#
#.....##.#


You could see the friendly Enheduana the knight, a boulder beetle (rolling, ally
target), a centaur and an orc.

Vanquished Creatures
  An efreet (D:11)
  2 hornets
  A troll (D:9)
  A meliai (shapeshifter) (D:10)
  Grinder (D:5)
  8 yaks
  A wraith (D:10)
  A steam dragon (D:6)
  A vampire (D:9)
  4 wargs (D:10)
  An acid dragon (D:8)
  Duvessa (D:6)
  3 water moccasins
  17 orc warriors
  2 ice beasts
  2 black bears
  13 centaurs
  5 phantoms
  6 bullfrogs
  2 scorpions
  6 wights
  Dowan (D:6)
  10 killer bees
  An electric eel (D:10)
  4 howler monkeys
  A hound (D:5)
  3 jellies
  Crazy Yiuf (D:6)
  5 orc priests
  A gnoll bouda (D:3)
  5 iguanas
  2 sleepcaps
  17 orc wizards
  6 ogre zombies (D:9)
  9 gnolls
  An adder (D:5)
  2 white imps
  2 ufetubi (D:6)
  3 dart slugs
  49 orcs
  2 ball pythons (D:4)
  A bat (D:3)
  8 endoplasms
  3 giant cockroaches
  7 goblins
  4 hobgoblins
  6 jackals
  3 quokkas
  2 frilled lizards (D:2)
  2 goblin skeletons (D:9)
  2 goblin zombies (D:9)
  2 hobgoblin skeletons (D:9)
  4 hobgoblin zombies (D:9)
  4 kobolds
  6 orc zombies (D:9)
  2 rats
260 creatures vanquished.

Vanquished Creatures (collateral kills)
  A wyvern (D:8)
  3 yaks
  An orc warrior (Bailey)
  4 centaurs
  A scorpion (D:6)
  A killer bee (D:10)
  A lava snake (D:9)
  4 orc priests
  6 orc wizards
  11 orcs
  A hobgoblin skeleton (D:9)
  2 orc zombies (D:9)
36 creatures vanquished.

Vanquished Creatures (others)
  A knight (Bailey)
  An orc (D:4)
2 creatures vanquished.

Grand Total: 298 creatures vanquished

Notes
Turn   | Place    | Note
-------+----------+-------------------------------------------
     0 | D:1      | Aneyh the Tengu Monk began the quest for the Orb.
     0 | D:1      | Reached XP level 1. HP: 14/14 MP: 2/2
   189 | D:1      | Reached XP level 2. HP: 19/19 MP: 3/3
   242 | D:1      | Found a faded altar of an unknown god.
   273 | D:1      | Reached skill level 4 in Polearms
   803 | D:2      | Reached XP level 3. HP: 7/23 MP: 4/4
   818 | D:2      | Reached skill level 5 in Polearms
   916 | D:2      | Reached XP level 4. HP: 27/28 MP: 5/5
  1500 | D:3      | Found a stormy altar of Qazlal.
  1501 | D:3      | Found an ancient bone altar of Kikubaaqudgha.
  1511 | D:3      | Reached skill level 6 in Polearms
  1669 | D:3      | Gained mutation: Your magical nature lets you fly swiftly
                  | and evasively. [Tengu growth]
  1669 | D:3      | Reached XP level 5. HP: 30/32 MP: 6/6
  2022 | D:3      | Reached skill level 7 in Polearms
  2413 | D:3      | Reached XP level 6. HP: 33/37 MP: 7/7
  2645 | D:4      | Noticed a black bear
  2663 | D:3      | Killed a black bear
  2817 | D:4      | Found Womussugh's Magic Scroll Shoppe.
  2932 | D:4      | Found a runed translucent gate.
  2932 | D:4      | Found a runed translucent gate.
  2932 | D:4      | Found a runed translucent gate.
  3001 | D:4      | Found a staircase to the Ecumenical Temple.
  3160 | D:4      | Noticed Ofeo's ghost (novice KoEE)
  3209 | Temple   | Entered the Ecumenical Temple
  3296 | D:5      | Entered Level 5 of the Dungeon
  3319 | D:5      | Found Cavvodd's Lightly-Used Armoury.
  3373 | D:5      | Reached skill level 5 in Fighting
  3373 | D:5      | Reached XP level 7. HP: 39/44 MP: 8/8
  3587 | D:5      | Noticed Grinder
  3896 | D:5      | Killed Grinder
  3897 | D:5      | Reached XP level 8. HP: 28/53 MP: 9/9
  4427 | D:6      | Found a snail-covered altar of Cheibriados.
  4452 | D:6      | Found a runed translucent door.
  4453 | D:6      | Noticed Crazy Yiuf
  4605 | D:6      | Noticed Dowan
  4606 | D:6      | Noticed Duvessa
  4614 | D:6      | Killed Duvessa
  4615 | D:6      | Reached skill level 8 in Polearms
  4615 | D:6      | Killed Dowan
  4766 | D:6      | Found a hazy altar of Hepliaklqana.
  4810 | D:6      | Became a worshipper of Hepliaklqana the Forgotten
  4810 | D:6      | Reached * piety under Hepliaklqana
  4810 | D:6      | Reached ** piety under Hepliaklqana
  4811 | D:6      | Remembered your ancestor Enheduana as a knight
  4817 | D:6      | Reached skill level 9 in Polearms
  4826 | D:6      | Reached XP level 9. HP: 36/53 MP: 10/10
  5029 | D:6      | Reached skill level 10 in Polearms
  5047 | D:6      | HP: 2/53 [poisoned by an orc]
  5849 | D:6      | Killed Crazy Yiuf
  5963 | D:7      | Reached skill level 11 in Polearms
  6564 | D:7      | Reached skill level 12 in Polearms
  6948 | D:8      | Reached *** piety under Hepliaklqana
  7444 | D:8      | Noticed a hornet
  7456 | D:8      | Killed a hornet
  7457 | D:8      | Reached skill level 13 in Polearms
  7457 | D:8      | Reached XP level 10. HP: 57/57 MP: 11/11
  7741 | D:9      | Found a flagged portal.
  7759 | D:9      | Reached skill level 14 in Polearms
  7850 | Bailey   | Entered a bailey
  9024 | Bailey   | Reached skill level 15 in Polearms
  9428 | Bailey   | Reached skill level 5 in Dodging
  9660 | Bailey   | Identified the +4 triple sword "Apte" {holy, rF+ rC+ rN+}
  9826 | D:9      | Reached skill level 1 in Long Blades
  9851 | D:9      | Found a staircase to the Orcish Mines.
  9856 | D:9      | Reached XP level 11. HP: 61/61 MP: 12/12
 10052 | D:9      | Found a staircase to the Lair.
 10164 | D:9      | Found Amuep's Book Boutique.
 10194 | D:9      | Bought a book of Blood for 476 gold pieces
 10463 | D:9      | Learned a level 2 spell: Wereblood
 11143 | D:9      | Found an ornate altar of the Wu Jian Council.
 11149 | D:10     | Entered Level 10 of the Dungeon
 11306 | D:10     | Found a burning altar of Makhleb.
 11368 | D:10     | Found a blossoming altar of Fedhas.
 11517 | D:10     | Reached skill level 1 in Transmutations
 11823 | D:10     | Acquired a +4 vampiric glaive
 11893 | D:10     | Reached **** piety under Hepliaklqana
 12379 | D:10     | Found a shimmering blue altar of Sif Muna.
 12772 | D:11     | Noticed a boulder beetle
 12796 | D:11     | Annihilated by a boulder beetle

Illustrated notes

Levels and vault maps discovered:
D:1:      grunt_arrival_crossed_arrows, layout_loops_ring,
          chequers_ecumenical_altar_simple_redux, minmay_tromino_i2
D:2:      layout_rooms
D:3:      layout_basic, gammafunk_temple_overflow_pools
D:4:      layout_cave_pools, minmay_temple_entry_fiery,
          ebering_ghost_rock_garden, serial_forest,
          infiniplex_forest_clump_tiny, infiniplex_forest_clump_tiny,
          infiniplex_forest_straight_2, infiniplex_forest_clump_double,
          infiniplex_forest_3_way, infiniplex_forest_end_3,
          infiniplex_forest_end_1, infiniplex_forest_clump_medium,
          infiniplex_forest_zigzag_1, serial_shops, nicolae_take_the_stairs
D:5:      layout_rooms, minmay_shop_damaged, uniq_grinder
D:6:      layout_layer_cave, lemuel_doored_altar, kennysheep_slug_shrine,
          uniq_crazy_yiuf_cottage, uniq_duvessa
D:7:      layout_loops_ring
D:8:      layout_basic
D:9:      layout_rooms, kennysheep_mini, grunt_lair_entry_orc_guard_hut,
          zombieorc1_lemuel, enter_bailey_2, serial_shops,
          nicolae_shop_gibbet_a_chance, kennysheep_cross_room
D:10:     layout_roguey, mainiacjoe_overflow_brackets,
          kennysheep_orc_sif_temple, lightli_temple_of_fire, nooodl_orcs_dogs
D:11:     layout_basic
Temple:   eino_temple_lava

Skill      XL: |  1  2  3  4  5  6  7  8  9 10 11 |
---------------+----------------------------------+-----
Polearms       | 4 5 6 7 9 13 15 | 15.0
Fighting       | 5 7 8 9 |  9.9
Dodging        | 6 7 |  7.8
Long Blades    | 1 4 |  4.4
Transmutations | 2 |  2.0

Action                     |  1- 3 |  4- 6 |  7- 9 | 10-12 || total
---------------------------+-------+-------+-------+-------++-------
  Melee: Spear             |    58 |   161 |       |       ||   219
         Kick              |    13 |    44 |    55 |    94 ||   206
         Peck              |     5 |    25 |    34 |    64 ||   128
         Punch             |       |     3 |     1 |       ||     4
         Trident           |       |    27 |    56 |       ||    83
         Halberd           |       |       |   192 |   338 ||   530
         Triple sword      |       |       |       |     6 ||     6
         Glaive            |       |       |       |    86 ||    86
  Throw: Boomerang         |       |     6 |     8 |     4 ||    18
   Cast: Wereblood         |       |       |       |     4 ||     4
 Invoke: Ancestor Identity |       |       |     2 |       ||     2
         Ancestor Life: Kn |       |       |     1 |       ||     1
         Recall Ancestor   |       |       |     1 |     1 ||     2
  Evoke: Wand              |       |     1 |       |       ||     1
    Use: Potion            |     1 |       |       |     1 ||     2
         Scroll            |       |     6 |     5 |     1 ||    12
   Stab: Sleeping          |     5 |     2 |     1 |     1 ||     9
         Distracted        |       |       |       |     4 ||     4
 Armour: Robe              |       |     8 |       |       ||     8
         Leather armour    |       |     8 |    22 |    12 ||    42
         Acid dragon scale |       |       |       |    12 ||    12
  Dodge: Dodged            |    24 |   122 |   188 |   361 ||   695

Table legend: (Time is in decaauts)
 A = Elapsed time spent in this place.
 B = Non-inter-level travel time spent in this place.
 C = Inter-level travel time spent in this place.
 D = Time resting spent in this place.
 E = Time spent auto-exploring this place.
 F = Levels seen in this place.
 G = Mean time per level.
                   A        B        C        D        E       F      G
               +--------+--------+--------+--------+--------+-----+--------+
         Total |  12105 |  11833 |    272 |   4002 |   5213 |  13 |  931.2 |
       Dungeon |  10242 |   9970 |    272 |   2917 |   5098 |  11 |  931.1 |
        Temple |     25 |     25 |      0 |      0 |      0 |   1 |   25.0 |
        Bailey |   1837 |   1837 |      0 |   1085 |    115 |   1 | 1837.0 |
               +--------+--------+--------+--------+--------+-----+--------+

Top non-repeatable levels by time:
  Bailey: 1837 daAuts
     D:6: 1435 daAuts
    D:10: 1405 daAuts
     D:9: 1382 daAuts
     D:3: 1274 daAuts
     D:4: 964 daAuts
     D:7: 950 daAuts
     D:5: 766 daAuts
     D:8: 744 daAuts
     D:1: 590 daAuts
     D:2: 579 daAuts
    D:11: 147 daAuts
  Temple: 25 daAuts
